 Dungeon Sprint DCSS version 0.19-a0-459-gb8ed64d (webtiles) character file.

145 Kidiri the Covert (level 5, -2/26 HPs)
             Began as a Spriggan Enchanter on June 2, 2016.
             Was an Initiate of Dithmenos.
             Slain by a spriggan
             ... wielding a +1 dagger of electrocution
              (9 damage)
             ... in the Dungeon (Sprint IV: "Fedhas' Mad Dash").
             The game lasted 00:02:27 (228 turns).

Kidiri the Covert (Spriggan Enchanter)               Turns: 228, Time: 00:02:41

Health: -2/26      AC:  6    Str:  4    XL:     5   Next: 6%
Magic:  9/14       EV: 21    Int: 18    God:    Dithmenos [......]
Gold:   40         SH:  0    Dex: 16    Spells: 4 memorised, 6 levels left

rFire  . . .     SeeInvis +     a - +1 dagger
rCold  . . .     Gourm    .     b - +1 robe
rNeg   . . .     Faith    .     (shield restricted)
rPois  .         Spirit   .     (helmet restricted)
rElec  .         Dismiss  .     l - +2 cloak {+Inv}
rCorr  .         Reflect  .     (gloves unavailable)
SustAt .         Harm     .     (boots unavailable)
MR     .....     NoTele   +     k - amulet of magic regeneration
Stlth  ++++......               (no ring)
                                (no ring)

@: very quick, not resistant to hostile enchantments, stealthy
A: unfitting armour, see invisible, herbivore 3, speed 3, slow metabolism 2
a: Renounce Religion, Evoke Invisibility


You were in the Dungeon.
You worshipped Dithmenos.
Dithmenos was noncommittal.
You were not hungry.

You visited 1 branch You collected 40 gold pieces.

Inventory:

Hand Weapons
 a - a +1 dagger (weapon)
Armour
 b - a +1 robe (worn)
 l - a +2 cloak of invisibility (worn)
Jewellery
 k - an amulet of magic regeneration (around neck)
Scrolls
 j - a scroll of blinking
 m - a scroll of immolation {unknown}
Potions
 e - a potion of curing
 f - a potion of heal wounds
 g - a potion of haste
 h - 2 potions of magic
 i - a potion of berserk rage
Books
 c - a book of Maledictions

   Spells                             Type                      Level
   a - Corona                         Hexes                        1
   b - Ensorcelled Hibernation        Hexes/Ice                    2
   c - Confuse                        Hexes                        3
   d - Tukima's Dance                 Hexes                        3
   e - Dazzling Spray                 Conjuration/Hexes            3
Comestibles
 d - a bread ration


   Skills:
 + Level 2.3 Fighting
 * Level 4.6 Short Blades
 + Level 5.5 Dodging
 * Level 8.1 Stealth
 * Level 5.8 Spellcasting
 + Level 1.3 Conjurations
 + Level 5.1 Hexes
 + Level 2.1 Ice Magic
 + Level 0.8 Invocations


You had 6 spell levels left.
You knew the following spells:

 Your Spells              Type           Power        Failure   Level  Hunger
a - Corona                Hex            ###....      1%          1    None
b - Ensorcelled Hibernat  Hex/Ice        ###...       4%          2    None
c - Confuse               Hex            ###.....     4%          3    ##.....
e - Dazzling Spray        Conj/Hex       ###...       12%         3    ##.....


Dungeon Overview and Level Annotations

Branches:
Dungeon (1/1)

Altars:
Cheibriados
Dithmenos
Elyvilon
Gozag
Hepliaklqana
Kikubaaqudgha
Makhleb
Nemelex Xobeh
Okawaru
Pakellas
Qazlal
Ru
Sif Muna
Trog
Uskayaw
Vehumet
Xom
Yredelemnul
Zin
The Shining One
Beogh
Jiyva
Lugonu


Innate Abilities, Weirdness & Mutations

You are tiny and cannot use many weapons and most armour.
You have supernaturally acute eyesight. (SInv)
You are a herbivore.
You cover ground extremely quickly.
You need consume almost no food.


Message History

The scorpion completely misses you.
You miss the spriggan.
The spriggan is severely wounded.
The spriggan misses you.
You miss the spriggan.
The spriggan is severely wounded.
The scorpion stings you! The spriggan closely misses you.
You hit the spriggan but do no damage.
The spriggan is severely wounded.
The scorpion stings you! The spriggan completely misses you.
You miss the spriggan.
The spriggan is severely wounded.
The scorpion is no longer blind.
The scorpion closely misses you.
You hit the spriggan.
The spriggan is severely wounded.
The spriggan is no longer blind.
The spriggan hits you with a dagger of electrocution.
* * * LOW HITPOINT WARNING * * *
You are electrocuted!
You die...

#####################
.⌠.._._....⌠.#..@ii.#
._._._._._._.'..#s.$#
_._._._.___._#..###+#
._._._._._._.#.%#
.⌠...._....⌠.####
##############


You could see 2 spriggans and a scorpion.

Vanquished Creatures
  3 oklob saplings (D)
  A worker ant (D)
  A river rat (D)
  A rat (D)
6 creatures vanquished.

Notes
Turn   | Place    | Note
--------------------------------------------------------------
     0 | D        | Kidiri the Spriggan Enchanter began the quest for the Orb.
     0 | D        | Reached XP level 1. HP: 9/9 MP: 5/5
     8 | D        | Reached skill level 5 in Stealth
     8 | D        | Reached XP level 2. HP: 14/14 MP: 5/7
    17 | D        | Learned a level 2 spell: Ensorcelled Hibernation
    33 | D        | Reached skill level 1 in Fighting
    57 | D        | Noticed an oklob sapling
    58 | D        | Killed an oklob sapling
    58 | D        | Reached skill level 6 in Stealth
    58 | D        | Reached skill level 1 in Ice Magic
    58 | D        | Reached XP level 3. HP: 18/18 MP: 7/9
    63 | D        | Learned a level 3 spell: Confuse
    67 | D        | Learned a level 3 spell: Dazzling Spray
   107 | D        | Found a snail-covered altar of Cheibriados.
   107 | D        | Found a glowing silver altar of Zin.
   107 | D        | Found a white marble altar of Elyvilon.
   107 | D        | Found a viscous altar of Jiyva.
   107 | D        | Found a radiant altar of Vehumet.
   107 | D        | Found a deep blue altar of Sif Muna.
   107 | D        | Found an ancient bone altar of Kikubaaqudgha.
   107 | D        | Found a bloodstained altar of Trog.
   107 | D        | Found a corrupted altar of Lugonu.
   107 | D        | Noticed an oklob sapling priest
   108 | D        | Found a hazy altar of Hepliaklqana.
   108 | D        | Found a burning altar of Makhleb.
   108 | D        | Found an oddly glowing altar of Pakellas.
   108 | D        | Found a sacrificial altar of Ru.
   109 | D        | Found a glowing golden altar of the Shining One.
   109 | D        | Found a sparkling altar of Nemelex Xobeh.
   110 | D        | Found a shadowy altar of Dithmenos.
   111 | D        | Found an iron altar of Okawaru.
   111 | D        | Found a hide-covered altar of Uskayaw.
   111 | D        | Found a shimmering altar of Xom.
   112 | D        | Found an opulent altar of Gozag.
   113 | D        | Found a basalt altar of Yredelemnul.
   113 | D        | Found a roughly hewn altar of Beogh.
   114 | D        | Killed an oklob sapling priest
   114 | D        | Reached skill level 5 in Dodging
   114 | D        | Reached skill level 7 in Stealth
   114 | D        | Reached skill level 5 in Spellcasting
   114 | D        | Reached skill level 1 in Conjurations
   114 | D        | Reached skill level 5 in Hexes
   114 | D        | Reached XP level 4. HP: 23/23 MP: 12/12
   115 | D        | Found a stormy altar of Qazlal.
   119 | D        | Became a worshipper of Dithmenos the Shadowed
   127 | D        | Reached skill level 8 in Stealth
   127 | D        | Reached XP level 5. HP: 26/26 MP: 14/14
   228 | D        | Slain by a spriggan

Vault maps used:
D:        dungeon_sprint_fedhas

Skill      XL: |  1  2  3  4 |
---------------+-------------+-----
Short Blades   | 2 3 4 |  4.6
Stealth        | 5 6 7 8 |  8.1
Spellcasting   | 3 4 5 |  5.8
Hexes          | 4 5 |  5.1
Fighting       | 1 2 |  2.3
Dodging        | 4 5 |  5.5
Ice Magic      | 1 2 |  2.1
Conjurations   | 1 |  1.3
Invocations    | |  0.8

Action                   |  1- 3 |  4- 6 || total
-------------------------+-------+-------++-------
Melee: Dagger            |     5 |    11 ||    16
 Cast: Ensorcelled Hiber |     1 |       ||     1
       Dazzling Spray    |       |     3 ||     3
 Abil: Evoke Invisibilit |     1 |       ||     1
 Stab: Sleeping          |     5 |     1 ||     6
Armor: Robe              |       |     1 ||     1
Dodge: Dodged            |     1 |    14 ||    15
